Kradschützen Motorcycle Team
Kradschützen Motorcycle Team
Selects Defensive Operations
Construct Light Support Kompanie
Selects Territory Booby Traps
Construct Mechanized Kompanie
Construct Mechanized Kompanie
Selects Registered Artillery
Construct Panzerarmee Kommand
Selects L6/40 Light Tank Combat Group
Selects Towed Cannone da 105/28 Field Howitzer
Selects Obice 305mm Barrage
Selects Obice 305mm Barrage
18-tonne Recovery Half-track